 Dungeon Crawl Stone Soup version 0.27.1-4-g1640c2035a (webtiles) character file.

Game seed: 4121125124413823658

63 Icepheonix32 the Insei (level 3, -5/26 HPs)
             Began as a Demonspawn Transmuter on Nov 2, 2021.
             Splashed by a jelly's acid (6 damage)
             ... on level 4 of the Dungeon.
             The game lasted 00:02:54 (2481 turns).

Icepheonix32 the Insei (Demonspawn Transmuter)      Turns: 2481, Time: 00:02:55

Health: -5/26      AC:  0    Str: 11    XL:     3   Next: 89%
Magic:  5/6        EV: 12    Int: 14    God:
Gold:   99         SH:  0    Dex: 13    Spells: 5/6 levels left

rFire    + . .     SeeInvis .     - Unarmed
rCold    + + .     Faith    .   (no shield)
rNeg     . . .     Spirit   .   o - +1 leather armour {rC+}
rPois    .         Reflect  .   (helmet currently unavailable)
rElec    .         Harm     .   b - scarf {rC+ rF+}
rCorr    .         Rampage  .   (no gloves)
Will     .....                  (boots currently unavailable)
Stlth    +.........             (no amulet)
HPRegen  0.08/turn              (no ring)
MPRegen  0.10/turn              (no ring)

@: appendages (expiring), corroded
A: talons 2, antennae 1, ignite blood 1
a: End Transformation


You were on level 4 of the Dungeon.
You had temporarily grown beastly talons.
You visited 1 branch of the dungeon, and saw 4 of its levels.

You collected 99 gold pieces.

Inventory:

Armour
 b - a scarf of resistance (worn)
 n - a +0 ring mail
 o - a +1 leather armour of cold resistance (worn)
Scrolls
 c - a scroll of magic mapping {unknown}
 e - 3 scrolls of silence {unknown}
 g - a scroll of immolation {unknown}
 h - a scroll of identify {unknown}
 i - 2 scrolls of teleportation {unknown}
 k - a scroll of brand weapon {unknown}
 l - a scroll of enchant weapon {unknown}
 m - a scroll of fog {unknown}
Potions
 d - 2 potions of invisibility {unknown}
 f - a potion of brilliance {unknown}
 j - a potion of might {unknown}


   Skills:
 * Level 1.6 Fighting
 * Level 2.2 Dodging
 * Level 3.6 Unarmed Combat
 + Level 2.2 Spellcasting
 + Level 2.1 Transmutations


You had 5 spell levels left.
You knew the following spells:

 Your Spells              Type           Power      Damage    Failure   Level
a - Beastly Appendage     Tmut           14%        N/A       13%         1

Your spell library contained the following spells:

 Spells                   Type           Power      Damage    Failure   Level
 Wereblood                Tmut           7%         N/A       19%         2
 Blink                    Tloc           N/A        N/A       43%         2
 Slow                     Hex            1%         N/A       43%         2
 Spider Form              Tmut/Pois      2%         N/A       52%         3
 Confusing Touch          Hex            1%         N/A       67%         3
 Lesser Beckoning         Tloc           0%         N/A       67%         3
 Ice Form                 Ice/Tmut       4%         N/A       89%         4
 Summon Ice Beast         Ice/Summ       1%         N/A       97%         4
 Yara's Violent Unravell  Hex/Tmut       2%         3d3       99%         5
 Manifold Assault         Tloc           1%         N/A       100%        5
 Summon Mana Viper        Hex/Summ       1%         N/A       100%        5
 Monstrous Menagerie      Summ           0%         N/A       100%        7


Dungeon Overview and Level Annotations

Branches:
Dungeon (4/15)
 Temple: D:4-7

Altars:
Nemelex Xobeh

Shops:
D:1 (

Annotations:
D:3 Sigmund


Innate Abilities, Weirdness & Mutations

You have temporarily grown beastly talons.
You have a pair of small antennae on your head.
Your demonic aura sometimes causes spilled blood to erupt in flames.


Message History

Sigmund is nearby!
Sigmund is nearby!
Casting: Beastly Appendage (safe; 13% risk of failure)
Confirm with . or Enter, or press ? or * to list all spells.
Your feet morph into talons.
Sigmund shouts!
Sigmund's eyes start glowing with a red light.
Sigmund gestures wildly while chanting.
Sigmund flickers and vanishes!
Deactivating autopickup; reactivate with Ctrl-A.
Your transformation is almost over.
Your talons disappear.
There is an escape hatch in the floor here.
You slide downwards.
The hatch slams shut behind you.
Reactivating autopickup.
Found 14 gold pieces.
Casting: Beastly Appendage (safe; 13% risk of failure)
Confirm with . or Enter, or press ? or * to list all spells.
Your feet morph into talons.
The jelly barely misses you.
You hit the jelly. The acid corrodes you!
Your hands burn!
The jelly is lightly wounded.
The jelly misses you.
You hit the jelly but do no damage.
Your hands burn!
You claw the jelly, but do no damage.
The jelly is lightly wounded.
You hit the jelly. The acid corrodes you!
Your hands burn!
Your kick misses the jelly.
The jelly is moderately wounded.
Your transformation is almost over.
The jelly hits you.
You are splashed with acid!
You are too injured to fight recklessly!
You are too injured to fight recklessly!
You hit the jelly but do no damage.
Your hands burn!
* * * LOW HITPOINT WARNING * * *
The jelly is moderately wounded.
The jelly hits you.
* * * LOW HITPOINT WARNING * * *
You are splashed with acid.
You die...

### ..# #.#
#.# #J# # #
#@#.#
#..###.#.#
#........#
....###.###
.. #.# #.#
#.# ..# ###


You could see a jelly.

Vanquished Creatures
  A dart slug (D:1)
  5 orcs
  6 ball pythons
  2 bats (D:1)
  3 endoplasms
  4 giant cockroaches
  2 goblins
  3 hobgoblins (D:1)
  8 jackals
  5 kobolds
  3 quokkas
  A frilled lizard (D:1)
  5 rats
48 creatures vanquished.

Notes
Turn   | Place    | Note
-------+----------+-------------------------------------------
     0 | D:1      | Icepheonix32 the Demonspawn Transmuter began the quest for
                  | the Orb.
     0 | D:1      | Reached XP level 1. HP: 15/15 MP: 3/3
    30 | D:1      | Found Kaop Uth's Antique Weapon Shop.
   236 | D:1      | Reached skill level 3 in Unarmed Combat
   236 | D:1      | Gained mutation: Your demonic aura sometimes causes spilled
                  | blood to erupt in flames. [demonic ancestry]
   236 | D:1      | Reached XP level 2. HP: 17/21 MP: 3/5
   659 | D:1      | Lost mutation: You have a pair of horns on your head.
                  | [demonic ancestry]
   659 | D:1      | Lost mutation: You have a pair of small horns on your head.
                  | [demonic ancestry]
   659 | D:1      | Gained mutation: You have a pair of small antennae on your
                  | head. [demonic ancestry]
   659 | D:1      | Reached XP level 3. HP: 17/26 MP: 4/6
   958 | D:2      | Found a faded altar of an unknown god.
  1675 | D:2      | Found a sparkling altar of Nemelex Xobeh.
  2448 | D:3      | Noticed Sigmund
  2481 | D:4      | HP: 1/26 [jelly (3)]
  2481 | D:4      | Splashed by a jelly's acid

Illustrated notes

Levels and vault maps discovered:
D:1:      lightli_arrival_flooded_house, layout_basic, serial_shops,
          nicolae_shop_trees, corexii_item_surrounded_by_moat,
          grunt_decor_arrowhead, kennysheep_another_room
D:2:      layout_loops_ring, basic_altar, ebering_ecumenical_altar_rust,
          kennysheep_generic_room_8
D:3:      layout_loops_ring, gammafunk_ghost_arena, uniq_sigmund
D:4:      layout_loops_ring, minmay_misc_feat_roman, dk_noncrumbling_4,
          uniq_pikel

Skill      XL: |  1  2 |
---------------+-------+-----
Unarmed Combat | 3 |  3.6
Dodging        | 2 |  2.2
Transmutations | 2 |  2.1
Fighting       | |  1.6
Spellcasting   | |  2.2

Action                   || total
-------------------------++-------
Melee: Unarmed           ||   130
       Kick              ||    21
       Headbutt          ||     8
 Cast: Beastly Appendage ||    39
Armor: Robe              ||    25
       Leather armour    ||     2
Dodge: Dodged            ||    80
